Workbook

Sheet SC-GGA-ET-05-A-01
B2: OBRA: | C2: Plan Integral de Mantenimiento Edilicio, de Equipamiento e Instalaciones Estación Constitucion
B3: LINEA ROCA
B5: ANEXO 01: Planilla de Cotización
B8: Resumen Contrato | G8: Primer Año
B9: ITEMS POR CERTIFICACION MENSUAL - Mantenimiento Predictivo, Preventivo, correctivo y limpieza Tecnica Integral
B10: 1 | C10: Mantenimiento Predictivo, Preventivo, correctivo y limpieza Tecnica Integral | G10: 0
B11: ITEMS ORDEN DE COMPRA ABIERTA - Tarea sobre demanda de Suministro de material y/o Mano de Obra, de trabajos relacionados con el plan de mantenimiento y limpieza tecnica Integral
B12: 2 | C12: Servicio de implementacion de elementos de reposicion inmediata (según listado desglozado del item1.03) | G12: 0
B13: 3 | C13: Adicional de activo fijo a incorporar al contrato de mantenimiento integral | G13: 0
B14: 4 | C14: Tareas sobre demanda - Mantenimiento Integral | G14: 0
B16: SUBTOTAL SIN IVA | G16: 0
B17: IVA 21% | G17: 0
B18: TOTAL | G18: 0
B24: ITEMS POR CERTIFICACION MENSUAL
C25: Mantenimiento Predictivo, Preventivo, correctivo y limpieza Tecnica
B26: Ítem | C26: Descripción | D26: UM | E26: Cant | F26: Precio Unit | G26: Precio Total
B27: 1 | C27: Mantenimiento Predictivo, Preventivo, correctivo y limpieza Tecnica
B28: 1.01 | C28: Oferta por servicio de Limpieza Tecnica según PET | D28: mes | E28: 12 | F28: 0 | G28: 0
B29: 1.02 | C29: Oferta por servicio de mantenimiento predictivo, preventivo y correctivo, según PET | D29: mes | E29: 12 | F29: 0 | G29: 0
B30: 1.03 | C30: Oferta por servicio de reposicion inmediata.
B31: 1.03.01 | C31: Software Gestión Mantenimiento CAFM mensual + licencia + startup | D31: mes | E31: 12 | F31: 0 | G31: 0
B35: ITEMS ORDEN DE COMPRA ABIERTA
C36: Tarea sobre demanda de Suministro de material y/o Mano de Obra, de trabajos relacionados con el plan de mantenimiento y limpieza tecnica Integral
B37: Ítem | C37: Descripción | D37: UM | E37: Cant | F37: Precio Unit | G37: Precio Total
B38: 2 | C38: Servicio de implementacion de elementos de reposicion inmediata
B39: 2.01 | C39: Montaje, Puesta a Punto y Prueba de Interruptor seccionador hasta 160A | D39: un | E39: 1 | F39: 0 | G39: 0
B40: 2.02 | C40: Montaje, Puesta a Punto y Prueba de Interruptor seccionador hasta 250A | D40: un | E40: 1 | F40: 0 | G40: 0
B41: 2.03 | C41: Montaje, Puesta a Punto y Prueba de Interruptor seccionador hasta 630A | D41: un | E41: 1 | F41: 0 | G41: 0
B42: 2.04 | C42: Montaje, Puesta a Punto y Prueba de Contactor para arranque directo o con inversión de marcha hasta 7,5 kW 380/415 V | D42: un | E42: 2 | F42: 0 | G42: 0
B43: 2.05 | C43: Montaje, Puesta a Punto y Prueba de Contactor para arranque directo o con inversión de marcha hasta 450 kW 380/400 V AC3 y 1600 A AC1 | D43: un | E43: 2 | F43: 0 | G43: 0
B44: 2.06 | C44: Montaje, Puesta a Punto y Prueba de Switch de 24 bocas full POE | D44: un | E44: 1 | F44: 0 | G44: 0
B45: 2.07 | C45: Montaje, Puesta a Punto y Prueba de Resistencia Termotanque 500 lt | D45: un | E45: 2 | F45: 0 | G45: 0
B46: 2.08 | C46: Montaje, Puesta a Punto y Prueba de Anodo de sacrificio Tanque 500 lt | D46: un | E46: 2 | F46: 0 | G46: 0
B47: 2.09 | C47: Montaje, Puesta a Punto y Prueba de BMS Server | D47: un | E47: 1 | F47: 0 | G47: 0
B48: 2.10 | C48: Montaje, Puesta a Punto y Prueba de Base para BMS Server | D48: un | E48: 2 | F48: 0 | G48: 0
B49: 2.11 | C49: Montaje, Puesta a Punto y Prueba de BMS Modulo FUENTE | D49: un | E49: 2 | F49: 0 | G49: 0
B50: 2.12 | C50: Montaje, Puesta a Punto y Prueba de BMS BASE PARA FUENTE | D50: un | E50: 2 | F50: 0 | G50: 0
... B64: 2.26 | C64: Montaje, Puesta a Punto y Prueba de Switch actuator KNX REG-K/8x230/16 w. | D64: un | E64: 3 | F64: 0 | G64: 0
B68: Ítem | C68: Descripción | D68: UN | E68: Cant | F68: Precio Unit | G68: Precio Total
B69: 3 | C69: Adicional de activo fijo a incorporar al contrato de mantenimiento integral
B70: 3.01 | C70: Suministro de materiales y mano de obra para la realizacion de mantenimiento de INDICADOR LUMINOSO DE SALIDA DE EMERGENCIA. | D70: un | E70: 26 | F70: 0 | G70: 0
B71: 3.02 | C71: Suministro de materiales y mano de obra para la realizacion de mantenimiento de Artefacto LED 30 x 30 s/pliegos | D71: un | E71: 13 | F71: 0 | G71: 0
B72: 3.03 | C72: Suministro de materiales y mano de obra para la realizacion de mantenimiento de Artefacto LED 30 x 30 s/pliegos. Con Equipo de Iluminción de Emergencia | D72: un | E72: 5 | F72: 0 | G72: 0
B73: 3.04 | C73: Suministro de materiales y mano de obra para la realizacion de mantenimiento de Artefacto LED 60 x 60 s/pliegos | D73: un | E73: 63 | F73: 0 | G73: 0
B74: 3.05 | C74: Suministro de materiales y mano de obra para la realizacion de mantenimiento de Artefacto LED 60 x 60 s/pliegos. Con Equipo de Iluminción de Emergencia | D74: un | E74: 10 | F74: 0 | G74: 0
B75: 3.06 | C75: Suministro de materiales y mano de obra para la realizacion de mantenimiento de Tableros Seccional | D75: un | E75: 9 | F75: 0 | G75: 0
B76: 3.07 | C76: Suministro de materiales y mano de obra para la realizacion de mantenimiento de Parlante Audio 0,5-2W | D76: un | E76: 13 | F76: 0 | G76: 0
B77: 3.08 | C77: Suministro de materiales y mano de obra para la realizacion de mantenimiento de Rociador Mont. K5,6 68°C | D77: un | E77: 165 | F77: 0 | G77: 0
B78: 3.09 | C78: Suministro de materiales y mano de obra para la realizacion de mantenimiento de Rociador Pend. K5,6 68°C | D78: un | E78: 165 | F78: 0 | G78: 0
B79: 3.10 | C79: Suministro de materiales y mano de obra para la realizacion de mantenimiento de ROCIADOR SIDEWALL K 5.6 68°C | D79: un | E79: 5 | F79: 0 | G79: 0
B80: 3.11 | C80: Suministro de materiales y mano de obra para la realizacion de mantenimiento de Detector Foto Ambiente/Cielorraso | D80: un | E80: 189 | F80: 0 | G80: 0
B81: 3.12 | C81: Suministro de materiales y mano de obra para la realizacion de mantenimiento de DETECTOR TERMICO para central incendio | D81: un | E81: 5 | F81: 0 | G81: 0
... B107: 3.38 | C107: Suministro de materiales y mano de obra para la realizacion de mantenimiento de ARTEFACTOS DE ILUMINACIÓN DE APLICAR, MODELO PLAFÓN 31802 LED, MARCA PHILIPS O CALIDAD SUPERIOR. CON EQUIPO DE EMERGENCIA. | D107: un | E107: 25 | F107: 0 | G107: 0
B109: Ítem | C109: Descripción | D109: UM | E109: Cant | F109: Precio Unit Material + M de O | G109: Precio Total
B110: 4 | C110: Tareas sobre demanda - Mantenimiento Integral
B111: 4.01 | C111: Pintura | D111: m2 | E111: 3600 | F111: 0 | G111: 0
B112: 4.02 | C112: Cielorrasos | D112: m2 | E112: 120 | F112: 0 | G112: 0
B113: 4.03 | C113: Trabajos de cerrajería | D113: mes | E113: 12 | F113: 0 | G113: 0
B114: 4.04 | C114: Trabajos en Solados | D114: m2 | E114: 120 | F114: 0 | G114: 0
B115: 4.05 | C115: Trabajos en Revestimientos | D115: m2 | E115: 120 | F115: 0 | G115: 0
B116: 4.06 | C116: Reposición de Vidrios 3+3 | D116: m2 | E116: 60 | F116: 0 | G116: 0
B117: 4.07 | C117: Reposición de Vidrios 4+4 | D117: m2 | E117: 60 | F117: 0 | G117: 0
B118: 4.08 | C118: Reposición de Vidrios 5+5 | D118: m2 | E118: 60 | F118: 0 | G118: 0
B119: 4.09 | C119: Reposición de Vidrio Reforzado | D119: m2 | E119: 60 | F119: 0 | G119: 0
B120: 4.10 | C120: Reemplazo de Alfombras | D120: m2 | E120: 60 | F120: 0 | G120: 0
B121: 4.11 | C121: Mantenimiento y Recarga de los sistemas de FM200 | D121: kg | E121: 5 | F121: 0 | G121: 0
B122: 4.12 | C122: Provisión y Colocación de Refrigerantes | D122: kg | E122: 200 | F122: 0 | G122: 0
... B140: 4.30 | C140: Suministro de Gas Oil. | D140: lt | E140: 1600 | F140: 0 | G140: 0

Sheet Hoja1
B4: ITEM | C4: Descripción | D4: Precio
A5: ITEMS POR CERTIFICACION MENSUAL - Mantenimiento Predictivo, Preventivo, correctivo y limpieza Técnica Integral | B5: 1 | C5: Mantenimiento Predictivo, Preventivo, correctivo y limpieza Técnica Integral | D5: 0
A6: ITEMS ORDEN DE COMPRA ABIERTA - Tarea sobre demanda de Suministro de material y/o Mano de Obra, de trabajos relacionados con el plan de mantenimiento y limpieza técnica Integral | B6: 2 | C6: Servicio de implementación de elementos de reposición inmediata (según listado desglosado del item1.03) | D6: 0
B7: 3 | C7: Adicional de activo fijo a incorporar al contrato de mantenimiento integral | D7: 0
B8: 4 | C8: Tareas sobre demanda - Mantenimiento Integral | D8: 0
C10: SUBTOTAL SIN IVA | D10: 0
C11: IVA 21% | D11: 0
C12: TOTAL | D12: 0

Sheet Costos
I1: 18 | J1: $/U$S
B2: OBRA: | C2: Plan Integral de Mantenimiento Edilicio, de Equipamiento e Instalaciones Estación Retiro | I2: 0.41 | J2: Mark up
B3: LINEA MITRE | I3: =Estudio!G82 -> 1.1948098 | J3: Mdeo
I4: =Estudio!G83 -> 1.049882 | J4: Materiales
B5: ANEXO I: Planilla de Cotización
B7: Resumen Contrato | G7: Primer Año | H7: Segundo Año
B8: ITEMS POR CERTIFICACION MENSUAL - Mantenimiento Predictivo, Preventivo, correctivo y limpieza Tecnica Integral
B9: =B26 -> 1.01 | C9: =C26 -> Oferta por servicio de Limpieza Tecnica según PET | G9: =G26 -> 7743755.1 | H9: =G182 -> 9012196.1
B10: =B27 -> 1.02 | C10: =C27 -> Oferta por servicio de mantenimiento predictivo, preventivo y correctivo, según PET | G10: =G27 -> 18068762 | H10: =G183 -> 21028458
B11: =B28 -> 1.03 | C11: =C28 -> Oferta por servicio de reposicion inmediata. | G11: =G28 -> 2664753.4 | H11: =G184 -> 2016788
B12: ITEMS ORDEN DE COMPRA ABIERTA - Tarea sobre demanda de Suministro de material y/o Mano de Obra, de trabajos relacionados con el plan de mantenimiento y limpieza tecnica Integral
B13: =B68 -> 2 | C13: =C68 -> Servicio de implementacion de elementos de reposicion inmediata (según listado desglozado del item1.03) | G13: =G68 -> 799426.01 | H13: =G185 -> 1479396.4
B14: =B105 -> 3 | C14: =C105 -> Adicional de activo fijo a incorporar al contrato de mantenimiento integral | G14: =G105 -> 1380319.5 | H14: =G186 -> 1429425.4
B15: =B146 -> 4 | C15: =C146 -> Tareas sobre demanda - Mantenimiento Integral | G15: =G146 -> 4557134.1 | H15: =G187 -> 4719257.6
B17: SUBTOTAL SIN IVA | G17: =SUM(G9:G15) -> 35214150 | H17: =SUM(H9:H15) -> 39685521
B18: IVA 21% | G18: =G17*21% -> 7394971.5 | H18: =H17*21% -> 8333959.4
B19: TOTAL | G19: =G17+G18 -> 42609121 | H19: =H17+H18 -> 48019481
I22: ANALIS 1er AÑO
B23: ITEMS POR CERTIFICACION MENSUAL
B24: A | C24: Mantenimiento Predictivo, Preventivo, correctivo y limpieza Tecnica | H24: =G26+G27+G28 -> 28477270 | I24: Costo real | J24: Mark up | K24: PV
B25: Ítem | C25: Descripción | D25: UM | E25: Cant | F25: Precio Unit | G25: Precio Total
B26: 1.01 | C26: Oferta por servicio de Limpieza Tecnica según PET | D26: mes | E26: 12 | F26: =K26 -> 645312.93 | G26: =E26*F26 -> 7743755.1 | I26: =((Gastos!H2/12)*0.3) -> 645312.93 | K26: =I26+J26 -> 645312.93 | M26: SER45000005N | N26: SERVICIO DE LIMPIEZA | O26: MES
B27: 1.02 | C27: Oferta por servicio de mantenimiento predictivo, preventivo y correctivo, según PET | D27: mes | E27: 12 | F27: =K27 -> 1505730.2 | G27: =E27*F27 -> 18068762 | I27: =((Gastos!H2/12)*0.7) -> 1505730.2 | K27: =I27+J27 -> 1505730.2 | M27: SER30000001N | N27: MANTENIMIENTO DE EDIFICIO E INSTALACIONES (PREVENTIVO) | O27: MES
B28: 1.03 | C28: Oferta por servicio de reposicion inmediata. | D28: mes | E28: 12 | F28: =SUM(G30:G63)/12 -> 222062.78 | G28: =E28*F28 -> 2664753.4 | M28: SER13500186N | N28: SERVICIO DE REACONDICIONAMIENTO DE OBRA | O28: UNID | Q28: =F68+F105+F146 -> 6736879.6
Q29: }
B30: 1.03.01 | C30: Software gestión mantenimiento CAFM | D30: un | E30: 12 | F30: =K30 -> 91650 | G30: =E30*F30 -> 1099800 | I30: 65000 | J30: =I30*$I$2 -> 26650 | K30: =I30+J30 -> 91650
B31: 1.03.02 | C31: Interruptor NSX 160 con modulo Vigi y protección electrónica Micrologig 5.2E | D31: un | E31: 2 | F31: =K31 -> 30456 | G31: =E31*F31 -> 60912 | I31: =1200*$I$1 -> 21600 | J31: =I31*$I$2 -> 8856 | K31: =I31+J31 -> 30456
B32: 1.03.03 | C32: Interruptor NSX 250 con modulo Vigi y protección electrónica Micrologig 5.2E | D32: un | E32: 2 | F32: =K32 -> 38070 | G32: =E32*F32 -> 76140 | I32: =1500*$I$1 -> 27000 | J32: =I32*$I$2 -> 11070 | K32: =I32+J32 -> 38070
B33: 1.03.04 | C33: Interruptor NSX 630 con modulo Vigi y protección electrónica Micrologig 5.2E | D33: un | E33: 2 | F33: =K33 -> 53298 | G33: =E33*F33 -> 106596 | I33: =2100*$I$1 -> 37800 | J33: =I33*$I$2 -> 15498 | K33: =I33+J33 -> 53298
B34: 1.03.05 | C34: Juego de Polipack hasta 250 A | D34: un | E34: 3 | F34: =K34 -> 9644.4 | G34: =E34*F34 -> 28933.2 | I34: =380*$I$1 -> 6840 | J34: =I34*$I$2 -> 2804.4 | K34: =I34+J34 -> 9644.4
B35: 1.03.06 | C35: Contactor LC 125 A, con modulo 2 Na+2 Nc | D35: un | E35: 5 | F35: =K35 -> 12309.3 | G35: =E35*F35 -> 61546.5 | I35: =485*$I$1 -> 8730 | J35: =I35*$I$2 -> 3579.3 | K35: =I35+J35 -> 12309.3
B36: 1.03.07 | C36: Contactor LC 160 A, con modulo 2 Na+2 Nc | D36: un | E36: 5 | F36: =K36 -> 15862.5 | G36: =E36*F36 -> 79312.5 | I36: =625*$I$1 -> 11250 | J36: =I36*$I$2 -> 4612.5 | K36: =I36+J36 -> 15862.5
B37: 1.03.08 | C37: Switch Poe WS-C2960-24PS-L | D37: un | E37: 1 | F37: =K37 -> 157356 | G37: =E37*F37 -> 157356 | I37: =6200*$I$1 -> 111600 | J37: =I37*$I$2 -> 45756 | K37: =I37+J37 -> 157356
B38: 1.03.09 | C38: Resistencia Termotanque 300 lts | D38: un | E38: 2 | F38: =K38 -> 10998 | G38: =E38*F38 -> 21996 | I38: 7800 | J38: =I38*$I$2 -> 3198 | K38: =I38+J38 -> 10998
B39: 1.03.10 | C39: Ánodo de sacrificio Termo Tanque de 300 lts | D39: un | E39: 2 | F39: =K39 -> 4794 | G39: =E39*F39 -> 9588 | I39: 3400 | J39: =I39*$I$2 -> 1394 | K39: =I39+J39 -> 4794
B40: 1.03.11 | C40: Kit reparación Evaporadora Mitsubishi - 210-150 | D40: un | E40: 5 | F40: =K40 -> 17484 | G40: =E40*F40 -> 87420 | I40: 12400 | J40: =I40*$I$2 -> 5084 | K40: =I40+J40 -> 17484
B41: 1.03.12 | C41: Kit reparación Condensadora Mitsubishi - 210-150 | D41: un | E41: 2 | F41: =K41 -> 45798.21 | G41: =E41*F41 -> 91596.42 | I41: 32481 | J41: =I41*$I$2 -> 13317.21 | K41: =I41+J41 -> 45798.21
B42: 1.03.13 | C42: BMS Server automación SXW AUTOMATION SERVER - P | D42: un | E42: 1 | F42: =K42 -> 121824 | G42: =E42*F42 -> 121824 | I42: =4800*I1 -> 86400 | J42: =I42*$I$2 -> 35424 | K42: =I42+J42 -> 121824
B43: 1.03.14 | C43: BMS SXW MODULO BASE AUT. SERVER P - AS-P | D43: un | E43: 3 | F43: =K43 -> 3807 | G43: =E43*F43 -> 11421 | I43: =150*I1 -> 2700 | J43: =I43*$I$2 -> 1107 | K43: =I43+J43 -> 3807
B44: 1.03.15 | C44: BMS Modulo FUENTE ALIMENTACION PS-24V para AS-P | D44: un | E44: 3 | F44: =K44 -> 10405.8 | G44: =E44*F44 -> 31217.4 | I44: =410*I1 -> 7380 | J44: =I44*$I$2 -> 3025.8 | K44: =I44+J44 -> 10405.8
B45: 1.03.16 | C45: BMS BASE PARA FUENTE PS-24V | D45: un | E45: 3 | F45: =K45 -> 4441.5 | G45: =E45*F45 -> 13324.5 | I45: =175*I1 -> 3150 | J45: =I45*$I$2 -> 1291.5 | K45: =I45+J45 -> 4441.5
B46: 1.03.17 | C46: BMS - B3624 CONTROLADOR BACNET 24 EU | D46: un | E46: 2 | F46: =K46 -> 36293.4 | G46: =E46*F46 -> 72586.8 | I46: =1430*I1 -> 25740 | J46: =I46*$I$2 -> 10553.4 | K46: =I46+J46 -> 36293.4
B47: 1.03.18 | C47: BMS - B3800 CONTROLADOR BACNET 16 E/S 8EU 8SD | D47: un | E47: 2 | F47: =K47 -> 46953 | G47: =E47*F47 -> 93906 | I47: =1850*I1 -> 33300 | J47: =I47*$I$2 -> 13653 | K47: =I47+J47 -> 46953
B48: 1.03.19 | C48: Detector térmico direccionable y analógico FST-851R | D48: un | E48: 10 | F48: =K48 -> 1218.24 | G48: =E48*F48 -> 12182.4 | I48: =48*$I$1 -> 864 | J48: =I48*$I$2 -> 354.24 | K48: =I48+J48 -> 1218.24
B49: 1.03.20 | C49: Detector algorítmico de doble tecnología (óptico/térmico) Acclimate direccionable y analógico de bajo perfil FAPT-851 | D49: un | E49: 10 | F49: =K49 -> 2208.06 | G49: =E49*F49 -> 22080.6 | I49: =87*$I$1 -> 1566 | J49: =I49*$I$2 -> 642.06 | K49: =I49+J49 -> 2208.06
B50: 1.03.21 | C50: Base universal p/detectores direccionables y analógicos de bajo perfil. B-501 | D50: un | E50: 20 | F50: =K50 -> 253.8 | G50: =E50*F50 -> 5076 | I50: =10*$I$1 -> 180 | J50: =I50*$I$2 -> 73.8 | K50: =I50+J50 -> 253.8
B51: 1.03.22 | C51: Avisador manual de doble acción c/registro de operación. NBG-12LSP | D51: un | E51: 4 | F51: =K51 -> 989.82 | G51: =E51*F51 -> 3959.28 | I51: =39*$I$1 -> 702 | J51: =I51*$I$2 -> 287.82 | K51: =I51+J51 -> 989.82
B52: 1.03.23 | C52: Mini módulo direccionable para monitoreo de avisador manual. FMM-101 | D52: un | E52: 4 | F52: =K52 -> 1167.48 | G52: =E52*F52 -> 4669.92 | I52: =46*$I$1 -> 828 | J52: =I52*$I$2 -> 339.48 | K52: =I52+J52 -> 1167.48
B53: 1.03.24 | C53: Sirena con luz estroboscópica, 12/24 volts, 2 Hilos, roja, montaje de pared, 15, 15/75, 30, 75, 110 o 115 candelas. P2RL-SP | D53: un | E53: 3 | F53: =K53 -> 1446.66 | G53: =E53*F53 -> 4339.98 | I53: =57*$I$1 -> 1026 | J53: =I53*$I$2 -> 420.66 | K53: =I53+J53 -> 1446.66
B54: 1.03.25 | C54: Fuente alimentación audible/visual. 6 Amperes de corriente continua. Alimentación 220 Vac. FCPS-2456E | D54: un | E54: 3 | F54: =K54 -> 12309.3 | G54: =E54*F54 -> 36927.9 | I54: =485*$I$1 -> 8730 | J54: =I54*$I$2 -> 3579.3 | K54: =I54+J54 -> 12309.3
B55: 1.03.26 | C55: Módulo direccionable para comando mediante contacto seco. FRM-1 | D55: un | E55: 10 | F55: =K55 -> 1928.88 | G55: =E55*F55 -> 19288.8 | I55: =76*$I$1 -> 1368 | J55: =I55*$I$2 -> 560.88 | K55: =I55+J55 -> 1928.88
B56: 1.03.27 | C56: Módulo de aislación. ISO-X | D56: un | E56: 4 | F56: =K56 -> 1827.36 | G56: =E56*F56 -> 7309.44 | I56: =72*$I$1 -> 1296 | J56: =I56*$I$2 -> 531.36 | K56: =I56+J56 -> 1827.36
B57: 1.03.28 | C57: DDNP1501 - Philips DIN Network Pwr Supply 15V1.5A | D57: u | E57: 2 | F57: =K57 -> 6751.08 | G57: =E57*F57 -> 13502.16 | I57: =266*I1 -> 4788 | J57: =I57*$I$2 -> 1963.08 | K57: =I57+J57 -> 6751.08
B58: 1.03.29 | C58: DUS704W-MB - Philips Universal Sensor Wall Mount long range lense | D58: u | E58: 4 | F58: =K58 -> 8375.4 | G58: =E58*F58 -> 33501.6 | I58: =330*I1 -> 5940 | J58: =I58*$I$2 -> 2435.4 | K58: =I58+J58 -> 8375.4
B59: 1.03.30 | C59: Detector Inalámbrico | D59: u | E59: 10 | F59: =K59 -> 6345 | G59: =E59*F59 -> 63450 | I59: =250*I1 -> 4500 | J59: =I59*$I$2 -> 1845 | K59: =I59+J59 -> 6345
B60: 1.03.31 | C60: DDRC1220FR-GL-V2 - Philips Controlador 12x20A replay | D60: u | E60: 3 | F60: =K60 -> 15278.76 | G60: =E60*F60 -> 45836.28 | I60: =602*I1 -> 10836 | J60: =I60*$I$2 -> 4442.76 | K60: =I60+J60 -> 15278.76
B61: 1.03.32 | C61: DPN941 - Philips Botonera Industrial 4 botones Classic Series | D61: u | E61: 2 | F61: =K61 -> 8020.08 | G61: =E61*F61 -> 16040.16 | I61: =316*I1 -> 5688 | J61: =I61*$I$2 -> 2332.08 | K61: =I61+J61 -> 8020.08
B62: 1.03.33 | C62: Philips EnvisionGateway 10/100 Base T | D62: u | E62: 2 | F62: =K62 -> 16547.76 | G62: =E62*F62 -> 33095.52 | I62: =652*I1 -> 11736 | J62: =I62*$I$2 -> 4811.76 | K62: =I62+J62 -> 16547.76
B63: 1.03.34 | C63: Compresor repuesto Unidad condensadora (uno por cada tipo de unidad) | D63: u | E63: 3 | F63: =K63 -> 39339 | G63: =E63*F63 -> 118017 | I63: =1550*I1 -> 27900 | J63: =I63*$I$2 -> 11439 | K63: =I63+J63 -> 39339
B65: ITEMS ORDEN DE COMPRA ABIERTA
B66: B | C66: Tarea sobre demanda de Suministro de material y/o Mano de Obra, de trabajos relacionados con el plan de mantenimiento y limpieza tecnica Integral
B67: Ítem | C67: Descripción | D67: UM | E67: Cant | F67: Precio Unit | G67: Precio Total
B68: 2 | C68: Servicio de implementacion de elementos de reposicion inmediata (según listado desglozado del item1.03) | D68: un | E68: 1 | F68: =SUM(G69:G102) -> 799426.01 | G68: =E68*F68 -> 799426.01 | L68: =SUM(K69:K104) -> 250635.54
B69: 2.01 | C69: ="Suministro de mano de obra para la instlacion y puesta en marcha de "&C30 -> Suministro de mano de obra para la instlacion y puesta en marcha de Software gestión mantenimiento CAFM | D69: =D30 -> un | E69: =E30 -> 12 | F69: =K69 -> 27495 | G69: =E69*F69 -> 329940 | I69: =I30*0.3 -> 19500 | J69: =I69*$I$2 -> 7995 | K69: =I69+J69 -> 27495 | M69: SER17000174-N | N69: INSTALACION DE EQUIPOS PARA COMUNICACIONES / SISTEMAS | O69: UNID
B70: 2.02 | C70: ="Suministro de mano de obra para la instlacion y puesta en marcha de "&C31 -> Suministro de mano de obra para la instlacion y puesta en marcha de Interruptor NSX 160 con modulo Vigi y protección electrónica Micrologig 5.2E | D70: =D31 -> un | E70: =E31 -> 2 | F70: =K70 -> 9136.8 | G70: =E70*F70 -> 18273.6 | I70: =I31*0.3 -> 6480 | J70: =I70*$I$2 -> 2656.8 | K70: =I70+J70 -> 9136.8 | M70: SER30200009-N | N70: REPARACION DE INSTALACIONES ELECTRICAS | O70: C/U
B71: 2.03 | C71: ="Suministro de mano de obra para la instlacion y puesta en marcha de "&C32 -> Suministro de mano de obra para la instlacion y puesta en marcha de Interruptor NSX 250 con modulo Vigi y protección electrónica Micrologig 5.2E | D71: =D32 -> un | E71: =E32 -> 2 | F71: =K71 -> 11421 | G71: =E71*F71 -> 22842 | I71: =I32*0.3 -> 8100 | J71: =I71*$I$2 -> 3321 | K71: =I71+J71 -> 11421 | M71: SER30200009-N | N71: REPARACION DE INSTALACIONES ELECTRICAS | O71: C/U
B72: 2.04 | C72: ="Suministro de mano de obra para la instlacion y puesta en marcha de "&C33 -> Suministro de mano de obra para la instlacion y puesta en marcha de Interruptor NSX 630 con modulo Vigi y protección electrónica Micrologig 5.2E | D72: =D33 -> un | E72: =E33 -> 2 | F72: =K72 -> 15989.4 | G72: =E72*F72 -> 31978.8 | I72: =I33*0.3 -> 11340 | J72: =I72*$I$2 -> 4649.4 | K72: =I72+J72 -> 15989.4 | M72: SER30200009-N | N72: REPARACION DE INSTALACIONES ELECTRICAS | O72: C/U
B73: 2.05 | C73: ="Suministro de mano de obra para la instlacion y puesta en marcha de "&C34 -> Suministro de mano de obra para la instlacion y puesta en marcha de Juego de Polipack hasta 250 A | D73: =D34 -> un | E73: =E34 -> 3 | F73: =K73 -> 2893.32 | G73: =E73*F73 -> 8679.96 | I73: =I34*0.3 -> 2052 | J73: =I73*$I$2 -> 841.32 | K73: =I73+J73 -> 2893.32 | M73: SER16000357-N | N73: REPARACION DE EQUIPOS DE IZAJE | O73: C/U
B74: 2.06 | C74: ="Suministro de mano de obra para la instlacion y puesta en marcha de "&C35 -> Suministro de mano de obra para la instlacion y puesta en marcha de Contactor LC 125 A, con modulo 2 Na+2 Nc | D74: =D35 -> un | E74: =E35 -> 5 | F74: =K74 -> 3692.79 | G74: =E74*F74 -> 18463.95 | I74: =I35*0.3 -> 2619 | J74: =I74*$I$2 -> 1073.79 | K74: =I74+J74 -> 3692.79 | M74: SER30200009-N | N74: REPARACION DE INSTALACIONES ELECTRICAS | O74: C/U
B75: 2.07 | C75: ="Suministro de mano de obra para la instlacion y puesta en marcha de "&C36 -> Suministro de mano de obra para la instlacion y puesta en marcha de Contactor LC 160 A, con modulo 2 Na+2 Nc | D75: =D36 -> un | E75: =E36 -> 5 | F75: =K75 -> 4758.75 | G75: =E75*F75 -> 23793.75 | I75: =I36*0.3 -> 3375 | J75: =I75*$I$2 -> 1383.75 | K75: =I75+J75 -> 4758.75 | M75: SER30200009-N | N75: REPARACION DE INSTALACIONES ELECTRICAS | O75: C/U
B76: 2.08 | C76: ="Suministro de mano de obra para la instlacion y puesta en marcha de "&C37 -> Suministro de mano de obra para la instlacion y puesta en marcha de Switch Poe WS-C2960-24PS-L | D76: =D37 -> un | E76: =E37 -> 1 | F76: =K76 -> 47206.8 | G76: =E76*F76 -> 47206.8 | I76: =I37*0.3 -> 33480 | J76: =I76*$I$2 -> 13726.8 | K76: =I76+J76 -> 47206.8 | M76: SER17000174-N | N76: INSTALACION DE EQUIPOS PARA COMUNICACIONES / SISTEMAS | O76: UNID
B77: 2.09 | C77: ="Suministro de mano de obra para la instlacion y puesta en marcha de "&C38 -> Suministro de mano de obra para la instlacion y puesta en marcha de Resistencia Termotanque 300 lts | D77: =D38 -> un | E77: =E38 -> 2 | F77: =K77 -> 3299.4 | G77: =E77*F77 -> 6598.8 | I77: =I38*0.3 -> 2340 | J77: =I77*$I$2 -> 959.4 | K77: =I77+J77 -> 3299.4 | M77: SER18000010-N | N77: SERVICIOS PROFESIONALES (C/U) | O77: UNID
B78: 2.10 | C78: ="Suministro de mano de obra para la instlacion y puesta en marcha de "&C39 -> Suministro de mano de obra para la instlacion y puesta en marcha de Ánodo de sacrificio Termo Tanque de 300 lts | D78: =D39 -> un | E78: =E39 -> 2 | F78: =K78 -> 1438.2 | G78: =E78*F78 -> 2876.4 | I78: =I39*0.3 -> 1020 | J78: =I78*$I$2 -> 418.2 | K78: =I78+J78 -> 1438.2 | M78: SER18000010-N | N78: SERVICIOS PROFESIONALES (C/U) | O78: UNID
B79: 2.11 | C79: ="Suministro de mano de obra para la instlacion y puesta en marcha de "&C40 -> Suministro de mano de obra para la instlacion y puesta en marcha de Kit reparación Evaporadora Mitsubishi - 210-150 | D79: =D40 -> un | E79: =E40 -> 5 | F79: =K79 -> 5245.2 | G79: =E79*F79 -> 26226 | I79: =I40*0.3 -> 3720 | J79: =I79*$I$2 -> 1525.2 | K79: =I79+J79 -> 5245.2 | M79: SER16000200-N | N79: REPARACION DE AIRE ACONDICIONADO | O79: C/U
B80: 2.12 | C80: ="Suministro de mano de obra para la instlacion y puesta en marcha de "&C41 -> Suministro de mano de obra para la instlacion y puesta en marcha de Kit reparación Condensadora Mitsubishi - 210-150 | D80: =D41 -> un | E80: =E41 -> 2 | F80: =K80 -> 13739.463 | G80: =E80*F80 -> 27478.926 | I80: =I41*0.3 -> 9744.3 | J80: =I80*$I$2 -> 3995.163 | K80: =I80+J80 -> 13739.463 | M80: SER16000200-N | N80: REPARACION DE AIRE ACONDICIONADO | O80: C/U
... B102: 2.34 | C102: ="Suministro de mano de obra para la instlacion y puesta en marcha de "&C63 -> Suministro de mano de obra para la instlacion y puesta en marcha de Compresor repuesto Unidad condensadora (uno por cada tipo de unidad) | D102: =D63 -> u | E102: =E63 -> 3 | F102: =K102 -> 11801.7 | G102: =E102*F102 -> 35405.1 | I102: =I63*0.3 -> 8370 | J102: =I102*$I$2 -> 3431.7 | K102: =I102+J102 -> 11801.7 | M102: SER16000200-N | N102: REPARACION DE AIRE ACONDICIONADO | O102: C/U
B104: Ítem | C104: Descripción | D104: UN | E104: Cant | F104: Precio Unit | G104: Precio Total
B105: 3 | C105: Adicional de activo fijo a incorporar al contrato de mantenimiento integral | D105: un | E105: 1 | F105: =SUM(G106:G143) -> 1380319.5 | G105: =E105*F105 -> 1380319.5 | L105: =SUM(K106:K143) -> 42864
B106: 3.01 | C106: ="Suministro de materiales y mano de obra para la realizacion de mantenimiento de "&'Aux 3p y Anexo'!B3 -> Suministro de materiales y mano de obra para la realizacion de mantenimiento de INDICADOR LUMINOSO DE SALIDA DE EMERGENCIA. | D106: un | E106: ='Aux 3p y Anexo'!C3 -> 26 | F106: =K106 -> 1198.5 | G106: =E106*F106 -> 31161 | I106: 850 | J106: =I106*$I$2 -> 348.5 | K106: =I106+J106 -> 1198.5 | M106: SER30200009-N | N106: REPARACION DE INSTALACIONES ELECTRICAS | O106: C/U
B107: 3.02 | C107: ="Suministro de materiales y mano de obra para la realizacion de mantenimiento de "&'Aux 3p y Anexo'!B4 -> Suministro de materiales y mano de obra para la realizacion de mantenimiento de Artefacto LED 30 x 30 s/pliegos | D107: un | E107: ='Aux 3p y Anexo'!C4 -> 13 | F107: =K107 -> 1198.5 | G107: =E107*F107 -> 15580.5 | I107: 850 | J107: =I107*$I$2 -> 348.5 | K107: =I107+J107 -> 1198.5 | M107: SER30200009-N | N107: REPARACION DE INSTALACIONES ELECTRICAS | O107: C/U
B108: 3.03 | C108: ="Suministro de materiales y mano de obra para la realizacion de mantenimiento de "&'Aux 3p y Anexo'!B5 -> Suministro de materiales y mano de obra para la realizacion de mantenimiento de Artefacto LED 30 x 30 s/pliegos. Con Equipo de Iluminción de Emergencia | D108: un | E108: ='Aux 3p y Anexo'!C5 -> 5 | F108: =K108 -> 1198.5 | G108: =E108*F108 -> 5992.5 | I108: 850 | J108: =I108*$I$2 -> 348.5 | K108: =I108+J108 -> 1198.5 | M108: SER30200009-N | N108: REPARACION DE INSTALACIONES ELECTRICAS | O108: C/U
B109: 3.04 | C109: ="Suministro de materiales y mano de obra para la realizacion de mantenimiento de "&'Aux 3p y Anexo'!B6 -> Suministro de materiales y mano de obra para la realizacion de mantenimiento de Artefacto LED 60 x 60 s/pliegos | D109: un | E109: ='Aux 3p y Anexo'!C6 -> 63 | F109: =K109 -> 1198.5 | G109: =E109*F109 -> 75505.5 | I109: 850 | J109: =I109*$I$2 -> 348.5 | K109: =I109+J109 -> 1198.5 | M109: SER30200009-N | N109: REPARACION DE INSTALACIONES ELECTRICAS | O109: C/U
B110: 3.05 | C110: ="Suministro de materiales y mano de obra para la realizacion de mantenimiento de "&'Aux 3p y Anexo'!B7 -> Suministro de materiales y mano de obra para la realizacion de mantenimiento de Artefacto LED 60 x 60 s/pliegos. Con Equipo de Iluminción de Emergencia | D110: un | E110: ='Aux 3p y Anexo'!C7 -> 10 | F110: =K110 -> 1198.5 | G110: =E110*F110 -> 11985 | I110: 850 | J110: =I110*$I$2 -> 348.5 | K110: =I110+J110 -> 1198.5 | M110: SER30200009-N | N110: REPARACION DE INSTALACIONES ELECTRICAS | O110: C/U
B111: 3.06 | C111: ="Suministro de materiales y mano de obra para la realizacion de mantenimiento de "&'Aux 3p y Anexo'!B8 -> Suministro de materiales y mano de obra para la realizacion de mantenimiento de Tableros Seccional | D111: un | E111: ='Aux 3p y Anexo'!C8 -> 9 | F111: =K111 -> 4935 | G111: =E111*F111 -> 44415 | I111: 3500 | J111: =I111*$I$2 -> 1435 | K111: =I111+J111 -> 4935 | M111: SER30200009-N | N111: REPARACION DE INSTALACIONES ELECTRICAS | O111: C/U
B112: 3.07 | C112: ="Suministro de materiales y mano de obra para la realizacion de mantenimiento de "&'Aux 3p y Anexo'!B9 -> Suministro de materiales y mano de obra para la realizacion de mantenimiento de Parlante Audio 0,5-2W | D112: un | E112: ='Aux 3p y Anexo'!C9 -> 13 | F112: =K112 -> 211.5 | G112: =E112*F112 -> 2749.5 | I112: 150 | J112: =I112*$I$2 -> 61.5 | K112: =I112+J112 -> 211.5 | M112: SER17000174-N | N112: INSTALACION DE EQUIPOS PARA COMUNICACIONES / SISTEMAS | O112: UNID
B113: 3.08 | C113: ="Suministro de materiales y mano de obra para la realizacion de mantenimiento de "&'Aux 3p y Anexo'!B10 -> Suministro de materiales y mano de obra para la realizacion de mantenimiento de Rociador Mont. K5,6 68°C | D113: un | E113: ='Aux 3p y Anexo'!C10 -> 165 | F113: =K113 -> 211.5 | G113: =E113*F113 -> 34897.5 | I113: 150 | J113: =I113*$I$2 -> 61.5 | K113: =I113+J113 -> 211.5 | M113: SER18000010-N | N113: SERVICIOS PROFESIONALES (C/U) | O113: UNID
B114: 3.09 | C114: ="Suministro de materiales y mano de obra para la realizacion de mantenimiento de "&'Aux 3p y Anexo'!B11 -> Suministro de materiales y mano de obra para la realizacion de mantenimiento de Rociador Pend. K5,6 68°C | D114: un | E114: ='Aux 3p y Anexo'!C11 -> 165 | F114: =K114 -> 211.5 | G114: =E114*F114 -> 34897.5 | I114: 150 | J114: =I114*$I$2 -> 61.5 | K114: =I114+J114 -> 211.5 | M114: SER18000010-N | N114: SERVICIOS PROFESIONALES (C/U) | O114: UNID
B115: 3.10 | C115: ="Suministro de materiales y mano de obra para la realizacion de mantenimiento de "&'Aux 3p y Anexo'!B12 -> Suministro de materiales y mano de obra para la realizacion de mantenimiento de ROCIADOR SIDEWALL K 5.6 68°C | D115: un | E115: ='Aux 3p y Anexo'!C12 -> 5 | F115: =K115 -> 211.5 | G115: =E115*F115 -> 1057.5 | I115: 150 | J115: =I115*$I$2 -> 61.5 | K115: =I115+J115 -> 211.5 | M115: SER18000010-N | N115: SERVICIOS PROFESIONALES (C/U) | O115: UNID
B116: 3.11 | C116: ="Suministro de materiales y mano de obra para la realizacion de mantenimiento de "&'Aux 3p y Anexo'!B13 -> Suministro de materiales y mano de obra para la realizacion de mantenimiento de Detector Foto Ambiente/Cielorraso | D116: un | E116: ='Aux 3p y Anexo'!C13 -> 189 | F116: =K116 -> 211.5 | G116: =E116*F116 -> 39973.5 | I116: 150 | J116: =I116*$I$2 -> 61.5 | K116: =I116+J116 -> 211.5 | M116: SER18000010-N | N116: SERVICIOS PROFESIONALES (C/U) | O116: UNID
B117: 3.12 | C117: ="Suministro de materiales y mano de obra para la realizacion de mantenimiento de "&'Aux 3p y Anexo'!B14 -> Suministro de materiales y mano de obra para la realizacion de mantenimiento de DETECTOR TERMICO para central incendio | D117: un | E117: ='Aux 3p y Anexo'!C14 -> 5 | F117: =K117 -> 211.5 | G117: =E117*F117 -> 1057.5 | I117: 150 | J117: =I117*$I$2 -> 61.5 | K117: =I117+J117 -> 211.5 | M117: SER18000010-N | N117: SERVICIOS PROFESIONALES (C/U) | O117: UNID
... B143: 3.38 | C143: ="Suministro de materiales y mano de obra para la realizacion de mantenimiento de "&'Aux 3p y Anexo'!B40 -> Suministro de materiales y mano de obra para la realizacion de mantenimiento de ARTEFACTOS DE ILUMINACIÓN DE APLICAR, MODELO PLAFÓN 31802 LED, MARCA PHILIPS O CALIDAD SUPERIOR. CON EQUIPO DE EMERGENCIA. | D143: un | E143: ='Aux 3p y Anexo'!C40 -> 25 | F143: =K143 -> 1198.5 | G143: =E143*F143 -> 29962.5 | I143: 850 | J143: =I143*$I$2 -> 348.5 | K143: =I143+J143 -> 1198.5 | M143: SER30200009-N | N143: REPARACION DE INSTALACIONES ELECTRICAS | O143: C/U
B145: Ítem | C145: Descripción | D145: UM | E145: Cant | F145: Precio Unit Material + M de O | G145: Precio Total
B146: 4 | C146: Tareas sobre demanda - Mantenimiento Integral | D146: un | E146: 1 | F146: =SUM(G147:G177) -> 4557134.1 | G146: =E146*F146 -> 4557134.1 | L146: =SUM(K147:K177) -> 149533.32
B147: 4.01 | C147: Pintura según ET, 20,7,5 | D147: m2 | E147: 800 | F147: =K147 -> 493.5 | G147: =E147*F147 -> 394800 | I147: 350 | J147: =I147*$I$2 -> 143.5 | K147: =I147+J147 -> 493.5 | M147: SER13500011-N | N147: PINTURA EDILICIA | O147: MT2
B148: 4.02 | C148: Cielorrasos 20,7,6 | D148: m2 | E148: 60 | F148: =K148 -> 987 | G148: =E148*F148 -> 59220 | I148: 700 | J148: =I148*$I$2 -> 287 | K148: =I148+J148 -> 987 | M148: SER18000010-N | N148: SERVICIOS PROFESIONALES (C/U) | O148: UNID
B149: 4.03 | C149: Trabajos de cerrajería | D149: mes | E149: 10 | F149: =K149 -> 4935 | G149: =E149*F149 -> 49350 | I149: 3500 | J149: =I149*$I$2 -> 1435 | K149: =I149+J149 -> 4935 | M149: SER60000022-N | N149: SERVICIO DE CERRAJERIA | O149: C/U
B150: 4.04 | C150: Trabajos en Solados | D150: m2 | E150: 60 | F150: =K150 -> 2256 | G150: =E150*F150 -> 135360 | I150: 1600 | J150: =I150*$I$2 -> 656 | K150: =I150+J150 -> 2256 | M150: SER18000010-N | N150: SERVICIOS PROFESIONALES (C/U) | O150: UNID
B151: 4.05 | C151: Trabajos en Revestimientos | D151: m2 | E151: 60 | F151: =K151 -> 2397 | G151: =E151*F151 -> 143820 | I151: =1700 -> 1700 | J151: =I151*$I$2 -> 697 | K151: =I151+J151 -> 2397 | M151: SER13500186-N | N151: SERVICIO DE REACONDICIONAMIENTO DE OBRA | O151: UNID
B152: 4.06 | C152: Reposición de Vidrios 3+3 | D152: m2 | E152: 30 | F152: =K152 -> 2115 | G152: =E152*F152 -> 63450 | I152: 1500 | J152: =I152*$I$2 -> 615 | K152: =I152+J152 -> 2115 | M152: SER18000010-N | N152: SERVICIOS PROFESIONALES (C/U) | O152: UNID
B153: 4.07 | C153: Reposición de Vidrios 4+4 | D153: m2 | E153: =+E152 -> 30 | F153: =K153 -> 2820 | G153: =E153*F153 -> 84600 | I153: 2000 | J153: =I153*$I$2 -> 820 | K153: =I153+J153 -> 2820 | M153: SER18000010-N | N153: SERVICIOS PROFESIONALES (C/U) | O153: UNID
...

Sheet Estudio
C2: Análisis económico del proyecto Primer año
A4: a | B4: Dado que los precios consultados, calculados y estimados, se realizaron con valores de venta al publico, se inicio el análisis con el estudio del coeficiente de pase de empresa.
C6: Formación del Mark Up | D6: %s/ costo
C7: Beneficio | D7: 0.21097046
C8: Gastos Generales de Sede | D8: 0.070323488
C9: Impuesto IIBB | D9: 0.05625879
C10: Impuesto al Cheque | D10: 0.014064698
C11: Seguros | D11: 0.016877637
C12: Costos Financieros | D12: 0.014064698
C13: Sellados | D13: 0.0070323488
C14: Imprevistos | D14: 0.016877637
C16: Total Mark up | D16: 0.40646976
A18: b | B18: Luego se procedió a la división de costos, entre contrato por certificación mensual y trabajos sobre demanda, teniendo en cuenta que para la primer parte, se descompone en 3 (tres) ítems principales, recursos humanos (costos directos e indirectos), materiales menores y sub contratos exigidos, que se incluirán en la Orden de compra por ajuste alzado, que corresponde a los puntos 1,01 y 1,02 de la planilla de cotización y el ítem 1.03, corresponde al servicio de reposición inmediata, para lo cual se procedió con la solicitud de apertura de precios para poder evaluar mas cuantitativamente las ofertas que recibiremos.
B20: =Costos!B24 -> A | C20: =Costos!C24 -> Mantenimiento Predictivo, Preventivo, correctivo y limpieza Tecnica | D20: Costo | E20: Mark Up | F20: Total parcial | G20: Total RC
A21: RC 1 | B21: 1,01 y 1,02 | C21: =Gastos!C4 -> RRHH Directo e indirecto | D21: =F21/(1+$D$16) -> 13992480 | E21: =D21*$D$16 -> 5687520 | F21: =Gastos!H4 -> 19680000 | G21: =SUM(F21:F25) -> 25812517
C22: =Gastos!C18 -> Sub contratos | D22: =F22/(1+$D$16) -> 867135.6 | E22: =D22*$D$16 -> 352464.4 | F22: =Gastos!H18 -> 1219600
C23: =Gastos!C33 -> Insumos y consumibles | D23: =F23/(1+$D$16) -> 2072707.2 | E23: =D23*$D$16 -> 842492.8 | F23: =Gastos!H33 -> 2915200
C24: =Gastos!C48 -> Material mantenimiento | D24: =F24/(1+$D$16) -> 656964 | E24: =D24*$D$16 -> 267036 | F24: =Gastos!H48 -> 924000
C25: =Gastos!C62 -> Equipamiento y consumibles limpieza | D25: =F25/(1+$D$16) -> 763412.79 | E25: =D25*$D$16 -> 310304.21 | F25: =Gastos!H62 -> 1073717
B26: =Costos!B28 -> 1.03 | C26: =Costos!C28 -> Oferta por servicio de reposicion inmediata. | D26: =F26/(1+$D$16) -> 1894639.6 | E26: =D26*$D$16 -> 770113.72 | F26: =Costos!G11 -> 2664753.4 | G26: =F26 -> 2664753.4
C28: Totales | D28: =SUM(D21:D26) -> 20247339 | E28: =SUM(E21:E26) -> 8229931.1 | G28: =SUM(G21:G26) -> 28477270
A49: c | B49: En siguiente lugar se procedió a la evaluación de la segunda parte del contrato, que será por metodología de servicios a demanda, los mismos se dividieron, en 3 (tres) ítems, a saber:
B50: Ítem de planilla de cotización 2.01, se forma con las valoraciones de trabajos de servicio de mano de obra a demanda para hacer uso de las unidades correspondientes a los servicios de reposición inmediata en caso de ser necesaria su aplicación, este ítem, podrá ser certificado en su totalidad o no, dependiendo de la necesidad y funcionamiento de las instalaciones.
B51: El valor indicado en el ítem 2.02, corresponde a la mano de Obra y materiales menores que corresponden al servicio de mantenimiento, para áreas, equipos, e instalaciones que se incorporen durante el contrato, esto aplica a medida que se vayan finalizando las obras dentro del área de incidencia de la prestación del servicio, para este punto aplicaran en su totalidad las mismas clausulas del pliego, este ítem 3.2, podrá ser certificado en su totalidad o no, dependiendo de la finalización de las obras y pase a patrimonio de las mismas.
B52: Por ultimo, se analizo el valor indicado en el ítem 2.03, que corresponde a la mano de Obra y materiales que corresponden al alcance de fuera de contrato por ajuste alzado del servicio de mantenimiento, para infraestructura, equipos, e instalaciones que pudieran sufrir un daño, esto aplica solo en caso de que ocurra. aplicándose la misma modalidad contractual que los dos ítems anteriores.
B54: =Costos!B66 -> B | C54: =Costos!C66 -> Tarea sobre demanda de Suministro de material y/o Mano de Obra, de trabajos relacionados con el plan de mantenimiento y limpieza tecnica Integral | D54: Costo | E54: Mark Up | F54: Total parcial | G54: Total RC
A55: RC 2 | B55: =Costos!B68 -> 2 | C55: =Costos!C68 -> Servicio de implementacion de elementos de reposicion inmediata (según listado desglozado del item1.03) | D55: =F55/(1+$D$16) -> 568391.89 | E55: =D55*$D$16 -> 231034.12 | F55: =Costos!G13 -> 799426.01 | G55: =SUM(F55:F57) -> 6736879.6
B56: =Costos!B105 -> 3 | C56: =Costos!C105 -> Adicional de activo fijo a incorporar al contrato de mantenimiento integral | D56: =F56/(1+$D$16) -> 981407.16 | E56: =D56*$D$16 -> 398912.34 | F56: =Costos!G14 -> 1380319.5
B57: =Costos!B146 -> 4 | C57: =Costos!C146 -> Tareas sobre demanda - Mantenimiento Integral | D57: =F57/(1+$D$16) -> 3240122.3 | E57: =D57*$D$16 -> 1317011.8 | F57: =Costos!G15 -> 4557134.1
C59: Totales | D59: =F59/(1+$D$16) -> 0 | E59: =D59*$D$16 -> 0 | G59: =SUM(G55:G57) -> 6736879.6
C77: Análisis económico del proyecto Segundo año
A79: d | B79: Como primera medida para el estudio de la proyección de incrementos económicos para el segundo año, se estudiaron los índices inter anuales del Indec para los rubros que aplican en este contrato y se estimo una proyección de inflación menor según, las previsiones adoptadas por el Poder Ejecutivo adoptando un 12% de decrecimiento de las variables inter anuales
B81: Valor de actualización inter anual del Indec (Decreto 1295/2002 Artículo 15) | F81: Coeficiente evolución (2016 - 2017) | G81: Coeficiente evolución (2017 - 2018)
B82: Evolución de índice de Mano de Obra (Tabla 1.4) | F82: ='ICC (2)'!AB10/'ICC (2)'!O10 -> 1.3577385 | G82: =F82-(F82*0.12) -> 1.1948098
B83: Promedio de evolución de Índices de Materiales y Equipos (Tablas 1,5 a 1,9) | F83: =AVERAGE('ICC (2)'!AB12:AB20)/AVERAGE('ICC (2)'!O12:O20) -> 1.1930477 | G83: =F83-(F83*0.12) -> 1.049882
A85: e | B85: Como segunda medida se estudio el crecimiento y disminución de los recursos humanos, materiales directos e indirectos, manteniendo el componente de Mark Up, de la empresa con los mismos valores, además se aplica a los trabajos que involucra material y mano de obra, un 50% de valor a mano de obra y un 50% a material.
B87: =B20 -> A | C87: =C20 -> Mantenimiento Predictivo, Preventivo, correctivo y limpieza Tecnica | D87: =D20 -> Costo | E87: =E20 -> Mark Up | F87: =F20 -> Total parcial | G87: =G20 -> Total RC
A88: RC 3 | B88: =B21 -> 1,01 y 1,02 | C88: =C21 -> RRHH Directo e indirecto | D88: =D21*$G$82 -> 16718353 | E88: =D88*$D$16 -> 6795504.9 | F88: =D88+E88 -> 23513858 | G88: =SUM(F88:F92) -> 30040654
C89: =C22 -> Sub contratos | D89: =(D22*0.5*$G$83)+(D22*0.5*$G$82) -> 973226.08 | E89: =D89*$D$16 -> 395586.97 | F89: =D89+E89 -> 1368813.1
C90: =C23 -> Insumos y consumibles | D90: =D23*$G$83 -> 2176097.9 | E90: =D90*$D$16 -> 884517.99 | F90: =D90+E90 -> 3060615.9
C91: =C24 -> Material mantenimiento | D91: =D24*$G$83 -> 689734.65 | E91: =D91*$D$16 -> 280356.28 | F91: =D91+E91 -> 970090.92
C92: =C25 -> Equipamiento y consumibles limpieza | D92: =D25*G83 -> 801493.31 | E92: =D92*$D$16 -> 325782.79 | F92: =D92+E92 -> 1127276.1
B93: =B26 -> 1.03 | C93: =C26 -> Oferta por servicio de reposicion inmediata. | D93: =Costos!G199/(1+$D$16) -> 1433936.3 | E93: =D93*$D$16 -> 582851.73 | F93: =D93+E93 -> 2016788 | G93: =F93 -> 2016788
C95: Totales | D95: =SUM(D88:D93) -> 22792841 | E95: =SUM(E88:E93) -> 9264600.6 | G95: =SUM(G88:G93) -> 32057442
B116: Análogamente se genera una indexación aplicados los coeficientes de actualización, siendo estos variables estimadas como se realizo, para los ítems anteriores.
B118: =B54 -> B | C118: =C54 -> Tarea sobre demanda de Suministro de material y/o Mano de Obra, de trabajos relacionados con el plan de mantenimiento y limpieza tecnica Integral | D118: Costo | E118: Mark Up | F118: Total parcial | G118: Total RC
A119: RC 4 | B119: =B55 -> 2 | C119: =C55 -> Servicio de implementacion de elementos de reposicion inmediata (según listado desglozado del item1.03) | D119: =Costos!G185/(1+$D$16) -> 1051850.9 | E119: =D119*$D$16 -> 427545.57 | F119: =D119+E119 -> 1479396.4 | G119: =SUM(F119:F121) -> 7628079.5
B120: =B56 -> 3 | C120: =C56 -> Adicional de activo fijo a incorporar al contrato de mantenimiento integral | D120: =Costos!G186/(1+$D$16) -> 1016321.5 | E120: =D120*$D$16 -> 413103.94 | F120: =D120+E120 -> 1429425.4
B121: =B57 -> 4 | C121: =C57 -> Tareas sobre demanda - Mantenimiento Integral | D121: =Costos!G187/(1+$D$16) -> 3355392.2 | E121: =D121*$D$16 -> 1363865.4 | F121: =D121+E121 -> 4719257.6
C123: Totales | D123: =SUM(D119:D121) -> 5423564.5 | E123: =SUM(E119:E121) -> 2204515 | G123: =SUM(G119:G121) -> 7628079.5

Sheet Gastos
C2: Total Gasto | H2: =SUM(H4:H274) -> 25812517
C4: RRHH Directo e indirecto | H4: =SUM(G6:G14) -> 19680000
B5: Ítem | C5: Descripción | D5: Cant RRHH | E5: Sueldo + II | F5: Cant | G5: TOTAL
B6: 1 | C6: REPRESENTANTE TÉCNICO | D6: 1 | E6: 25000 | F6: 12 | G6: =D6*E6*F6 -> 300000
B7: 2 | C7: REFERENTE TÉCNICO | D7: 1 | E7: 25000 | F7: 12 | G7: =D7*E7*F7 -> 300000
B8: 3 | C8: SUPERVISOR DE MANTENIMIENTO INTEGRAL | D8: 4 | E8: 85000 | F8: 12 | G8: =D8*E8*F8 -> 4080000
B9: 4 | C9: SUPERVISOR DE LIMPIEZA TÉCNICA | D9: 4 | E9: 65000 | F9: 12 | G9: =D9*E9*F9 -> 3120000
B10: 5 | C10: PROFESIONAL EN SEGURIDAD E HIGIENE | D10: 1 | E10: 30000 | F10: 12 | G10: =D10*E10*F10 -> 360000
B11: 6 | C11: CUADRILLA OPERATIVA PERMANENTE IN SITU | D11: 8 | E11: 60000 | F11: 12 | G11: =D11*E11*F11 -> 5760000
B12: 7 | C12: TÉCNICO MULTIGREMIO BMS / CAFM / PME / REVIT | D12: 2 | E12: 60000 | F12: 12 | G12: =D12*E12*F12 -> 1440000
B13: 8 | C13: AUXILIARES DE LIMPIEZA TÉCNICA | D13: 6 | E13: 40000 | F13: 12 | G13: =D13*E13*F13 -> 2880000
B14: 9 | C14: STAFF LOGÍSTICA / SERVICIOS GENERALES | D14: 2 | E14: 60000 | F14: 12 | G14: =D14*E14*F14 -> 1440000
C18: Sub contratos | H18: =SUM(G20:G29) -> 1219600
B19: Ítem | C19: Descripción | D19: Cant | E19: Contrato | F19: Periodo | G19: TOTAL
B20: 1 | C20: Mantenimiento Ascensores | D20: 2 | E20: 12000 | F20: 12 | G20: =D20*E20*F20 -> 288000
B21: 2 | C21: UPS (Mantenimiento rutina + asistencia 2Hs) | D21: 1 | E21: 18500 | F21: 12 | G21: =D21*E21*F21 -> 222000
B22: 3 | C22: Grupos Electrógenos (Mantenimiento rutina + asistencia 2Hs) | D22: 1 | E22: 11000 | F22: 12 | G22: =D22*E22*F22 -> 132000
B23: 4 | C23: TGBT + Blindo Barras | D23: 1 | E23: 12000 | F23: 4 | G23: =D23*E23*F23 -> 48000
B24: 5 | C24: Detección y Aviso | D24: 1 | E24: 4500 | F24: 12 | G24: =D24*E24*F24 -> 54000
B25: 6 | C25: Plan de SSHH | D25: 1 | E25: 4800 | F25: 12 | G25: =D25*E25*F25 -> 57600
B26: 7 | C26: Termografías, Prueba D Dif, TM y PAT | D26: 1 | E26: 25000 | F26: 4 | G26: =D26*E26*F26 -> 100000
B27: 8 | C27: Extinción (Agua y FM200) | D27: 1 | E27: 4500 | F27: 12 | G27: =D27*E27*F27 -> 54000
B28: 9 | C28: Desratización y Fumigación | D28: 1 | E28: 17000 | F28: 12 | G28: =D28*E28*F28 -> 204000
B29: 10 | C29: otros 2 | D29: 1 | E29: 5000 | F29: 12 | G29: =D29*E29*F29 -> 60000
C33: Insumos y consumibles | H33: =SUM(G35:G44) -> 2915200
B34: Ítem | C34: Descripción | D34: Cant | E34: Costo | F34: Cant | G34: TOTAL
B35: 1 | C35: Ropa y equipos | D35: =SUM(Gastos!D36:D43) -> 68 | E35: 1500 | F35: 6 | G35: =D35*E35*F35 -> 612000
B36: 2 | C36: Elementos de seguridad | D36: 10 | E36: 2500 | F36: 2 | G36: =D36*E36*F36 -> 50000
B37: 3 | C37: PC + Impresora | D37: 3 | E37: 35000 | F37: 12 | G37: =D37*E37*F37 -> 1260000
B38: 4 | C38: Telefonía + Internet | D38: 20 | E38: 2500 | F38: 12 | G38: =D38*E38*F38 -> 600000
B39: 5 | C39: Librería | D39: 1 | E39: 3500 | F39: 12 | G39: =D39*E39*F39 -> 42000
B40: 6 | C40: Dietas | D40: 28 | E40: 200 | F40: 12 | G40: =D40*E40*F40 -> 67200
B41: 7 | C41: Mobiliario | D41: 4 | E41: 5000 | F41: 1 | G41: =D41*E41*F41 -> 20000
B42: 8 | C42: Contenedores equipados | D42: 1 | E42: 12000 | F42: 12 | G42: =D42*E42*F42 -> 144000
B43: 9 | C43: otros | D43: 1 | E43: 5000 | F43: 12 | G43: =D43*E43*F43 -> 60000
B44: 10 | C44: otros | D44: 1 | E44: 5000 | F44: 12 | G44: =D44*E44*F44 -> 60000
C48: Material mantenimiento | H48: =SUM(G50:G59) -> 924000
B49: Ítem | C49: Descripción | D49: Cant | E49: Costo | F49: Cant | G49: TOTAL
B50: 1 | C50: Eléctrica | D50: 8 | E50: 2500 | F50: 12 | G50: =D50*E50*F50 -> 240000
B51: 2 | C51: Sanitaria | D51: 2 | E51: 1500 | F51: 4 | G51: =D51*E51*F51 -> 12000
B52: 3 | C52: Termo Mecánica | D52: 8 | E52: 2500 | F52: 12 | G52: =D52*E52*F52 -> 240000
B53: 4 | C53: Detección | D53: 5 | E53: 1000 | F53: 12 | G53: =D53*E53*F53 -> 60000
B54: 5 | C54: Edilicio | D54: 5 | E54: 1500 | F54: 12 | G54: =D54*E54*F54 -> 90000
B55: 6 | C55: Iluminaciòn | D55: 5 | E55: 3200 | F55: 12 | G55: =D55*E55*F55 -> 192000
B56: 7 | C56: Baterías Iluminaciòn | D56: 3 | E56: 1500 | F56: 12 | G56: =D56*E56*F56 -> 54000
B57: 8 | C57: otros | D57: 1 | E57: 1000 | F57: 12 | G57: =D57*E57*F57 -> 12000
B58: 9 | C58: otros | D58: 1 | E58: 1000 | F58: 12 | G58: =D58*E58*F58 -> 12000
B59: 10 | C59: otros | D59: 1 | E59: 1000 | F59: 12 | G59: =D59*E59*F59 -> 12000
C62: Equipamiento y consumibles limpieza | H62: =SUM(G64:G176) -> 1073717
B63: Ítem | C63: Descripción | D63: Cant | E63: Costo | F63: Cant | G63: TOTAL
C64: Servicie checker de VRV, con Laptop. | D64: 1 | E64: 35000 | F64: 0.5 | G64: =D64*E64*F64 -> 17500
C65: Cámara infrarroja. | D65: 1 | E65: 20000 | F65: 0.1 | G65: =D65*E65*F65 -> 2000
C66: Telurímetro. | D66: 1 | E66: 12000 | F66: 0.1 | G66: =D66*E66*F66 -> 1200
C67: Megohmetro. | D67: 1 | E67: 8500 | F67: 0.1 | G67: =D67*E67*F67 -> 850
C68: Anemómetro. | D68: 1 | E68: 3500 | F68: 0.1 | G68: =D68*E68*F68 -> 350
C69: Aparejo 2000 Kg. | D69: 1 | E69: 7500 | F69: 0.1 | G69: =D69*E69*F69 -> 750
C70: Soldadora eléctrica. | D70: 1 | E70: 50000 | F70: 0.1 | G70: =D70*E70*F70 -> 5000
C71: Manifold de refrigeracionista. | D71: 1 | E71: 7500 | F71: 1 | G71: =D71*E71*F71 -> 7500
C72: Bomba de vacío. | D72: 1 | E72: 25000 | F72: 1 | G72: =D72*E72*F72 -> 25000
C73: Balanza para refrigerante. | D73: 1 | E73: 10000 | F73: 1 | G73: =D73*E73*F73 -> 10000
C74: Hidro lavadora monofásica, 4 HP, 140 bares, 550 litros/hora. | D74: 1 | E74: 15000 | F74: 0.25 | G74: =D74*E74*F74 -> 3750
C75: Máquina para destapes cloacales. | D75: 1 | E75: 50000 | F75: 0.2 | G75: =D75*E75*F75 -> 10000
... C159: Máscaras respiratorias para tareas con exposición a polvos, aerosoles compuestos orgánicos volátiles, tipo 3M, siempre apropiadas al producto a utilizar y asegurando su hermeticidad en el uso. | D159: 4 | E159: 1250 | F159: 1 | G159: =D159*E159*F159 -> 5000
C161: Limpieza
C162: Aspiradoras industriales con filtro EPA (Environmental Protection Agency) | D162: 1 | E162: 20000 | F162: 1 | G162: =D162*E162*F162 -> 20000
C163: Abrillantadora industrial | D163: 1 | E163: 1000 | F163: 1 | G163: =D163*E163*F163 -> 1000
C164: Lavadoras de alfombras industriales (con aserrín o espuma) | D164: 1 | E164: 4500 | F164: 1 | G164: =D164*E164*F164 -> 4500
C165: Carros de limpieza (mínimo 6) | D165: 1 | E165: 7500 | F165: 1 | G165: =D165*E165*F165 -> 7500
C166: Mangueras con rollos | D166: 1 | E166: 2000 | F166: 1 | G166: =D166*E166*F166 -> 2000
C167: Limpiavidrios extensibles | D167: 1 | E167: 1500 | F167: 1 | G167: =D167*E167*F167 -> 1500
C168: Escaleras metálicas extensibles | D168: 1 | E168: 5500 | F168: 1 | G168: =D168*E168*F168 -> 5500
C169: Plataformas elevadoras eléctricas con brazo articulado (mínimo 2) | D169: 2 | E169: 7500 | F169: 12 | G169: =D169*E169*F169 -> 180000
C170: Opcional adicional plataformas tipo tijera y estructuras tubulares | D170: 1 | E170: 113100 | F170: 1 | G170: =D170*E170*F170 -> 113100
C171: Lavadoras automáticas ("fregadoras") con o sin hombre a bordo (mínimo 2) | D171: 1 | E171: 50000 | F171: 1 | G171: =D171*E171*F171 -> 50000
C172: Para fachadas exteriores, brazos articulados a combustible y rampa móvil para camiones (este equipamiento en particular puede ser alquilado por la CONTRATISTA). | D172: 1 | E172: 9500 | F172: 12 | G172: =D172*E172*F172 -> 114000
C173: Conos Rígidos con Cintas Reflectivas (según Ley 24449). | D173: 20 | E173: 350 | F173: 1 | G173: =D173*E173*F173 -> 7000
... C176: Carteles de Aviso y Desvío con Bandas Reflectivas | D176: 1 | E176: 10000 | F176: 1 | G176: =D176*E176*F176 -> 10000

Sheet Aux 3p y Anexo
B3: INDICADOR LUMINOSO DE SALIDA DE EMERGENCIA. | C3: 26
B4: Artefacto LED 30 x 30 s/pliegos | C4: 13
B5: Artefacto LED 30 x 30 s/pliegos. Con Equipo de Iluminción de Emergencia | C5: 5
B6: Artefacto LED 60 x 60 s/pliegos | C6: 63
B7: Artefacto LED 60 x 60 s/pliegos. Con Equipo de Iluminción de Emergencia | C7: 10
B8: Tableros Seccional | C8: 9
B9: Parlante Audio 0,5-2W | C9: 13
B10: Rociador Mont. K5,6 68°C | C10: 165
B11: Rociador Pend. K5,6 68°C | C11: 165
B12: ROCIADOR SIDEWALL K 5.6 68°C | C12: 5
B13: Detector Foto Ambiente/Cielorraso | C13: 189
B14: DETECTOR TERMICO para central incendio | C14: 5
... B40: ARTEFACTOS DE ILUMINACIÓN DE APLICAR, MODELO PLAFÓN 31802 LED, MARCA PHILIPS O CALIDAD SUPERIOR. CON EQUIPO DE EMERGENCIA. | C40: 25

Sheet ICC (2)
A1: ÍNDICE DEL COSTO DE LA CONSTRUCCIÓN EN EL GRAN BUENOS AIRES (ICC), base 1993=100
A2: Índices de los componentes incluidos en el Decreto 1295/2002. Octubre-Diciembre 2015 y años 2016-2017
A3: Información estadística para la redeterminación de precios de contratos de obra pública
A5: Importante: para facilitar su utilización en la redeterminación de precios de contratos de obra pública se presenta el Índice con período de referencia Octubre 2015=100
A7: Decreto 1295/2002 Artículo 15 - inciso | B7: Insumos | C7: INDEC INFORMA Cuadro ó código CPC (1) | D7: Descripción de la apertura ICC | E7: 2015 | I7: 2016 | V7: 2017
C8: Revista Indec Informa/código CPC | E8: Oct | F8: Nov | G8: Dic | I8: Ene | J8: Feb | K8: Mar | L8: Abr | M8: May | N8: Jun | O8: Jul | P8: Ago | Q8: Sep | R8: Oct | S8: Nov | T8: Dic | V8: Ene | W8: Feb* | X8: Mar* | Y8: Abr* | Z8: May* | AA8: Jun* | AB8: Jul*
A10: a) | B10: Mano de obra | C10: Cuadro 1.4 | D10: Capítulo Mano de obra | E10: 100 | F10: 100.14994 | G10: 100.4061 | I10: 100.63101 | J10: 100.7872 | K10: 101.39323 | L10: 119.96751 | M10: 122.679 | N10: 123.40997 | O10: 122.87892 | P10: 122.5353 | Q10: 123.01637 | R10: 133.64988 | S10: 135.09309 | T10: 135.79283 | V10: 140.38486 | W10: 140.54105 | X10: 140.60977 | Y10: 152.9239 | Z10: 154.41085 | AA10: 155.29177 | AB10: 166.83744
A11: b) | B11: Albañilería | C11: Cuadro 1.5 | D11: Ítem albañilería | E11: 100 | F11: 100.63568 | G11: 102.46251 | I11: 103.74005 | J11: 104.78306 | K11: 105.46195 | L11: 122.69333 | M11: 123.83509 | N11: 124.13751 | O11: 124.18071 | P11: 124.32883 | Q11: 125.26075 | R11: 134.78368 | S11: 136.40684 | T11: 137.00549 | V11: 141.50466 | W11: 142.30081 | X11: 142.8686 | Y11: 154.57014 | Z11: 155.21817 | AA11: 155.60081 | AB11: 165.97544
A12: d) | B12: Carpinterías | C12: Cuadro 1.5 | D12: Ítem Carpintería metálica y herrería | E12: 100 | F12: 100.93036 | G12: 107.70867 | I12: 112.94524 | J12: 113.8756 | K12: 115.86922 | L12: 121.01276 | M12: 121.79692 | N12: 125.35885 | O12: 125.37214 | P12: 125.8639 | Q12: 126.06326 | R12: 126.50186 | S12: 127.64487 | T12: 129.87772 | V12: 130.72834 | W12: 132.15045 | X12: 132.85486 | Y12: 133.46624 | Z12: 135.72568 | AA12: 135.80542 | AB12: 136.61616
A13: f) | B13: Andamios (2) | C13: Cuadro 1.6 | D13: Alquiler de Andamios | E13: 100 | F13: 100.87002 | G13: 105.59296 | I13: 106.06939 | J13: 109.64267 | K13: 119.48213 | L13: 125.91403 | M13: 132.85344 | N13: 133.98239 | O13: 135.08027 | P13: 135.7535 | Q13: 135.96064 | R13: 134.64526 | S13: 135.85707 | T13: 137.42103 | V13: 138.63283 | W13: 139.14034 | X13: 145.67582 | Y13: 148.30658 | Z13: 149.24909 | AA13: 151.50699 | AB13: 155.01813
A14: g) | B14: Artefactos de iluminación y cableado | C14: Cuadro 1.5 | D14: Ítem Instalación eléctrica | E14: 100 | F14: 100.51318 | G14: 107.7243 | I14: 112.63493 | J14: 114.72306 | K14: 115.48399 | L14: 118.64272 | M14: 132.07397 | N14: 132.90568 | O14: 134.72837 | P14: 134.50717 | Q14: 134.90533 | R14: 139.02849 | S14: 145.3548 | T14: 146.04495 | V14: 149.5576 | W14: 151.45992 | X14: 151.57494 | Y14: 151.95541 | Z14: 159.40541 | AA14: 161.27234 | AB14: 171.84569
A15: h) | B15: Caños de PVC para instalaciones varias | C15: Cuadro 1.9 | D15: Caños de PVC | E15: 100 | F15: 103.92031 | G15: 112.66067 | I15: 122.43645 | J15: 126.84233 | K15: 135.98972 | L15: 139.98857 | M15: 141.53813 | N15: 142.16652 | O15: 142.55927 | P15: 143.6661 | Q15: 143.5447 | R15: 145.42274 | S15: 145.37275 | T15: 147.7435 | V15: 147.75064 | W15: 148.17195 | X15: 151.16395 | Y15: 153.6918 | Z15: 156.42674 | AA15: 156.34819 | AB15: 161.88232
A16: p) | B16: Gastos generales | C16: Cuadro 1.4 | D16: Capítulo Gastos generales | E16: 100 | F16: 100.50303 | G16: 102.39723 | I16: 105.58044 | J16: 115.46019 | K16: 118.51765 | L16: 126.57392 | M16: 130.74747 | N16: 135.9585 | O16: 139.07883 | P16: 141.57038 | Q16: 142.16773 | R16: 149.87817 | S16: 153.83164 | T16: 154.27179 | V16: 156.55113 | W16: 174.21206 | X16: 180.46058 | Y16: 188.6269 | Z16: 191.22062 | AA16: 195.11122 | AB16: 201.34402
A17: r) | B17: Artefactos para baño y grifería | C17: Cuadro 1.5 | D17: Ítem Instalación sanitaria y contra incendio | E17: 100 | F17: 102.1249 | G17: 106.08102 | I17: 110.90956 | J17: 112.48164 | K17: 114.43379 | L17: 116.97331 | M17: 124.44502 | N17: 125.15332 | O17: 125.93072 | P17: 126.49218 | Q17: 127.64101 | R17: 129.05761 | S17: 131.00976 | T17: 133.97253 | V17: 135.84694 | W17: 137.08215 | X17: 139.57847 | Y17: 140.14857 | Z17: 142.15254 | AA17: 146.53192 | AB17: 147.60301
A18: s) | B18: Hormigón | C18: Cuadro 1.9 | D18: Hormigón elaborado | E18: 100 | F18: 102.14736 | G18: 105.84081 | I18: 110.51727 | J18: 114.43978 | K18: 116.28173 | L18: 116.75892 | M18: 121.14907 | N18: 121.17771 | O18: 127.84883 | P18: 127.86791 | Q18: 131.1987 | R18: 132.27715 | S18: 133.86142 | T18: 136.6673 | V18: 141.09563 | W18: 146.65967 | X18: 151.31705 | Y18: 152.66272 | Z18: 156.7761 | AA18: 161.0899 | AB18: 166.47261
A19: u) | B19: Válvulas de bronce | C19: 4324041 | D19: Llave esclusa de bronce | E19: 100 | F19: 101.0995 | G19: 105.86398 | I19: 105.86398 | J19: 107.98801 | K19: 108.44196 | L19: 111.04077 | M19: 111.04077 | N19: 113.92279 | O19: 113.92279 | P19: 113.92279 | Q19: 113.98526 | R19: 114.86819 | S19: 114.80571 | T19: 114.80571 | V19: 114.80571 | W19: 114.58082 | X19: 117.6669 | Y19: 117.6669 | Z19: 121.12365 | AA19: 121.12365 | AB19: 124.92608
A20: v) | B20: Electrobombas | C20: 4322032 | D20: Electrobomba trifásica 7,5 HP | E20: 100 | F20: 101.98618 | G20: 108.34413 | I20: 125.47496 | J20: 132.27547 | K20: 151.30613 | L20: 152.87133 | M20: 152.16969 | N20: 152.61226 | O20: 153.41105 | P20: 153.63774 | Q20: 152.25604 | R20: 153.91839 | S20: 156.45509 | T20: 154.09111 | V20: 156.99482 | W20: 157.48057 | X20: 157.10276 | Y20: 158.84067 | Z20: 159.59629 | AA20: 162.82383 | AB20: 163.4823
A22: (1) Clasificación Central Provisional de Productos (CPC) elaborada por la ONU.
A23: (2) Para la presentación de los valores del inciso f) desde el mes de agosto de 2006 se adoptó el promedio ponderado para agrupar los índices de los distintos tipos de alquiler de andamios.
A24: * Dato provisorio.
A26: Nota: se informa que los cuadros publicados que dan cumplimiento al Decreto 1295/2002 del período febrero 2017-julio 2017 (ICC) y enero 2016-julio 2017 (IPIB) contienen datos preliminares.
A28: Fuente: INDEC.
